 Dungeon Crawl Stone Soup version 0.29.1-15-g9cfb28693d (webtiles) character file.

Game seed: 5550416265899061928

248 zeram the Firebug (level 6, -8/66 HPs)
             Began as a Gnoll Fire Elementalist on Mar 2, 2023.
             Was an Initiate of Gozag.
             Mangled by an iguana (10 damage)
             ... on level 4 of the Dungeon.
             The game lasted 00:08:00 (4445 turns).

zeram the Firebug (Gnoll Fire Elementalist)         Turns: 4445, Time: 00:08:01

Health: -8/66      AC: 23    Str:  7    XL:     6   Next: 12%
Magic:  12/14      EV:  2    Int: 17    God:    Gozag
Gold:   185        SH:  0    Dex: 12    Spells: 10/15 levels left

rFire   . . .      SeeInvis .   d - +0 dagger
rCold   . . .      Faith    .   (no shield)
rNeg    . . .      Spirit   .   (body armour currently unavailable)
rPois   +          Reflect  .   (helmet currently unavailable)
rElec   .          Harm     .   (cloak currently unavailable)
rCorr   .          Rampage  .   (gloves currently unavailable)
Will    .....      NoTele   +   (boots currently unavailable)
Stlth   +++.......              (no amulet)
HPRegen 0.21/turn               (no ring)
MPRegen 0.14/turn               (no ring)

@: tree-form
A: stationary, stasis, torment immunity, boosted hp, (fangs 1), strong nose,
distributed training
a: Renounce Religion, Potion Petition, Call Merchant, Bribe Branch


You were on level 4 of the Dungeon.
You worshipped Gozag.
Gozag was aware of your devotion.
You were a tree.
You visited 1 branch of the dungeon, and saw 4 of its levels.

You collected 230 gold pieces.
You paid 45 gold pieces to Gozag.

Inventory:

Hand Weapons
 d - a +0 dagger (weapon)
Missiles
 o - 2 throwing nets
Armour
 a - a +0 robe (melded)
 n - a +0 pair of gloves (melded)
Jewellery
 q - an amulet of reflection
Scrolls
 g - a scroll of immolation
 m - 2 scrolls of identify
Potions
 b - 2 potions of magic
 c - a potion of might
 e - a potion of attraction {unknown}
 f - a potion of haste {unknown}
 i - a potion of curing {unknown}
 j - 3 potions of lignification
 l - a potion of invisibility {unknown}
 p - a potion of mutation {unknown}


   Skills:
 + Level 1.9 Fighting
 + Level 1.9 Short Blades
 + Level 1.9 Long Blades
 + Level 1.9 Axes
 + Level 1.9 Maces & Flails
 + Level 1.9 Polearms
 + Level 1.9 Staves
 + Level 1.9 Ranged Weapons
 + Level 1.9 Throwing
 + Level 1.9 Armour
 + Level 4.9 Dodging
 + Level 4.5 Stealth
 + Level 1.9 Shields
 + Level 1.9 Unarmed Combat
 + Level 5.3 Spellcasting
 + Level 2.6 Conjurations
 + Level 1.5 Hexes
 + Level 1.5 Summonings
 + Level 1.5 Necromancy
 + Level 1.5 Translocations
 + Level 1.5 Transmutations
 + Level 5.6 Fire Magic
 + Level 1.5 Ice Magic
 + Level 1.5 Air Magic
 + Level 1.5 Earth Magic
 + Level 1.5 Poison Magic
 + Level 2.1 Invocations
 + Level 1.9 Evocations


You had 10 spell levels left.
You knew the following spells:

 Your Spells              Type           Power      Damage    Failure   Level
a - Foxfire               Conj/Fire      72%        2x1d7     2%          1
b - Scorch                Fire           46%        2d7       1%          2
c - Blink                 Tloc           18%        N/A       11%         2

Your spell library contained the following spells:

 Spells                   Type           Power      Damage    Failure   Level
 Shock                    Conj/Air       44%        1d5       6%          1
 Conjure Flame            Conj/Fire      18%        6-21      8%          3
 Inner Flame              Hex/Fire       16%        N/A       10%         3
 Poisonous Vapours        Pois/Air       18%        N/A       11%         2
 Gell's Gravitas          Tloc           9%         N/A       22%         3
 Lesser Beckoning         Tloc           9%         N/A       22%         3
 Swiftness                Air            9%         N/A       22%         3
 Teleport Other           Tloc           9%         N/A       22%         3
 Flame Wave               Conj/Fire      18%        2d7       26%         4
 Airstrike                Air            4%         2d(1-17)  58%         4
 Manifold Assault         Tloc           9%         N/A       90%         5
 Summon Forest            Summ/Tloc      4%         N/A       90%         5
 Dispersal                Tloc           4%         N/A       100%        6
 Eringya's Noxious Bog    Tmut/Pois      4%         N/A       100%        6
 Summon Cactus Giant      Summ           4%         N/A       100%        6
 Summon Hydra             Summ           4%         N/A       100%        7
 Corpse Rot               Necr/Pois/Air  Unusable   N/A       N/A         4

Dungeon Overview and Level Annotations

Branches:
Dungeon (4/15)
 Temple: D:4-7

Altars:
Elyvilon
Fedhas
Gozag
Okawaru
Xom

Shops:
D:3 =

Annotations:
D:4 2 transporters


Innate Abilities, Weirdness & Mutations

You are a tree.
Your roots penetrate the ground, keeping you stationary.
You cannot be teleported.
You are immune to unholy pain and torment.
Your maximum health is greatly increased.
Your equipment is partially melded.
((You have very sharp teeth.))
Your uncanny sense of smell can sniff out nearby items.
Your experience applies equally to all skills.


Message History

The jelly is severely wounded.
The jelly completely misses you.
You hit the jelly.
Your hands burn!
The jelly is almost dead.
The jelly barely misses you.
You hit the jelly.
You kill the jelly!
You have reached level 6!
You see here 5 gold pieces.
The air fills with toxic fumes!
As you read the scroll labelled YMEFYA NIME, it crumbles to dust.
It was a scroll of poison.
The iguana bites you!
* * * LOW HITPOINT WARNING * * *
Unknown command.
Really walk into that cloud of poison gas?
Okay, then.
You hit the iguana but do no damage. Your punch misses the iguana.
The iguana closely misses you.
Unknown command.
Really quaff the potion of lignification?
You turn into a tree.
Your +0 pair of gloves melds into your body.
Your +0 robe melds into your body.
Your roots penetrate the ground.
The iguana bites you.
* * * LOW HITPOINT WARNING * * *
Unknown command.
You hit the iguana but do no damage.
The iguana bites you but does no damage.
Unknown command.
You barely miss the iguana. The iguana bites you.
* * * LOW HITPOINT WARNING * * *
Unknown command.
You hit the iguana.
The iguana is lightly wounded.
The iguana bites you but does no damage.
You hit the iguana but do no damage. You punch the iguana, but do no damage.
The iguana is lightly wounded.
The iguana bites you!
You die...
Your body crumbles into a pile of gold.

#####....#
#.........
#.........
#.........
#.........
##...####. $ #...#
## ######## #.<.#
#♣l§K§§# #...#
#§☼§#§§#§# #...#
.§§☼###l.§#.# #...#
###. ∆#§#.#K# #####
.+##§☼.#.#
#...#§§#.####### .##
$ ∆
#....§##.#.....##.#8
#..###§..#.# #.##.#$
∆∆$#.$.[..#...#
..#..#.


You could see 2 iguanas and a kobold.

Vanquished Creatures
  A water moccasin (D:3)
  2 jellies (D:4)
  2 adders (D:3)
  A worm (D:2)
  3 dart slugs
  An orc (D:3)
  3 bats
  2 endoplasms (D:1)
  3 giant cockroaches
  7 goblins
  5 hobgoblins
  7 jackals
  4 kobolds
  3 quokkas (D:1)
  4 ball pythons
  5 frilled lizards
  2 rats (D:1)
55 creatures vanquished.

Vanquished Creatures (others)
  55 foxfires
55 creatures vanquished.

Grand Total: 110 creatures vanquished

Notes
Turn   | Place    | Note
-------+----------+-------------------------------------------
     0 | D:1      | zeram the Gnoll Fire Elementalist began the quest for the
                  | Orb.
     0 | D:1      | Reached XP level 1. HP: 13/13 MP: 6/6
   100 | D:1      | Reached XP level 2. HP: 16/19 MP: 4/7
   600 | D:1      | Learned a level 2 spell: Scorch
   613 | D:1      | Reached skill level 5 in Spellcasting
   613 | D:1      | Reached XP level 3. HP: 19/25 MP: 3/9
  1288 | D:1      | Reached skill level 1 in Invocations
  1363 | D:1      | Found a faded altar of an unknown god.
  1921 | D:2      | Reached skill level 1 in Fighting
  1921 | D:2      | Reached skill level 1 in Short Blades
  1921 | D:2      | Reached skill level 1 in Long Blades
  1921 | D:2      | Reached skill level 1 in Axes
  1921 | D:2      | Reached skill level 1 in Maces & Flails
  1921 | D:2      | Reached skill level 1 in Polearms
  1921 | D:2      | Reached skill level 1 in Staves
  1921 | D:2      | Reached skill level 1 in Ranged Weapons
  1921 | D:2      | Reached skill level 1 in Throwing
  1921 | D:2      | Reached skill level 1 in Armour
  1921 | D:2      | Reached skill level 1 in Shields
  1921 | D:2      | Reached skill level 1 in Unarmed Combat
  1921 | D:2      | Reached skill level 1 in Evocations
  2620 | D:3      | Found a large runed translucent door.
  2621 | D:3      | Found a large runed translucent door.
  2874 | D:3      | Reached XP level 4. HP: 32/32 MP: 9/11
  2923 | D:3      | Found an opulent altar of Gozag.
  2992 | D:3      | Became a worshipper of Gozag Ym Sagoz the Greedy
  3017 | D:3      | Found a white marble altar of Elyvilon.
  3576 | D:3      | Found Dexzaetes's Jewellery Shoppe.
  3579 | D:3      | Reached skill level 1 in Hexes
  3579 | D:3      | Reached skill level 1 in Summonings
  3579 | D:3      | Reached skill level 1 in Necromancy
  3579 | D:3      | Reached skill level 1 in Translocations
  3579 | D:3      | Reached skill level 1 in Transmutations
  3579 | D:3      | Reached skill level 1 in Ice Magic
  3579 | D:3      | Reached skill level 1 in Air Magic
  3579 | D:3      | Reached skill level 1 in Earth Magic
  3579 | D:3      | Reached skill level 1 in Poison Magic
  3592 | D:3      | Noticed a water moccasin
  3598 | D:3      | Killed a water moccasin
  3599 | D:3      | Reached XP level 5. HP: 12/37 MP: 4/12
  4122 | D:3      | Found an iron altar of Okawaru.
  4135 | D:3      | Found a shimmering altar of Xom.
  4160 | D:3      | Learned a level 2 spell: Blink
  4358 | D:4      | Found a transporter.
  4361 | D:4      | Noticed an orc warrior
  4362 | D:4      | Noticed an ice beast
  4363 | D:4      | Found a transporter.
  4373 | D:4      | Found a blossoming altar of Fedhas.
  4430 | D:4      | Reached XP level 6. HP: 17/44 MP: 9/14
  4443 | D:4      | HP: 2/66 [iguana (3)]
  4445 | D:4      | Mangled by an iguana

Illustrated notes

Levels and vault maps discovered:
D:1:      dpeg_arrival_tiny_a, layout_loops_ring,
          shapermc_ecumenical_altar_mp_vishouse, roderic_malta_cross
D:2:      layout_loops_ring
D:3:      layout_basic, grunt_gozag_breadcrumbs, jmf_multi_god_temple2,
          nicolae_overflow_hidden_temple, serial_shops, shop, nrook_campfire
D:4:      layout_basic, gammafunk_temple_overflow_arena,
          minmay_fractal_squares_diagonal_5

Skill      XL: |  1  2  3  4  5 |
---------------+----------------+-----
Conjurations   | 2 |  2.6
Spellcasting   | 5 |  5.3
Invocations    | 1 2 |  2.1
Fighting       | 1 |  1.9
Short Blades   | 1 |  1.9
Long Blades    | 1 |  1.9
Axes           | 1 |  1.9
Maces & Flails | 1 |  1.9
Polearms       | 1 |  1.9
Staves         | 1 |  1.9
Ranged Weapons | 1 |  1.9
Throwing       | 1 |  1.9
Armour         | 1 |  1.9
Shields        | 1 |  1.9
Unarmed Combat | 1 |  1.9
Evocations     | 1 |  1.9
Hexes          | 1 |  1.5
Summonings     | 1 |  1.5
Necromancy     | 1 |  1.5
Translocations | 1 |  1.5
Transmutations | 1 |  1.5
Ice Magic      | 1 |  1.5
Air Magic      | 1 |  1.5
Earth Magic    | 1 |  1.5
Poison Magic   | 1 |  1.5
Dodging        | |  4.9
Stealth        | |  4.5
Fire Magic     | |  5.6

Action                   |  1- 3 |  4- 6 || total
-------------------------+-------+-------++-------
Melee: Unarmed           |     2 |       ||     2
       Dagger            |   163 |    57 ||   220
       Bite              |    14 |     5 ||    19
       Punch             |     2 |     2 ||     4
 Cast: Foxfire           |    28 |     5 ||    33
       Scorch            |     2 |     9 ||    11
  Use: Scroll            |     6 |     2 ||     8
       Potion            |       |     1 ||     1
 Stab: Sleeping          |     7 |     2 ||     9
Armor: Robe              |    28 |    13 ||    41
       Skin              |       |     2 ||     2
Dodge: Dodged            |   118 |    70 ||   188
